AoeStats
← ySmplePat_

Arabia

509654661Analyzed
1v1 RM · 5d ago on Sep 27, 2026· 58m 38s· 2 players
Game mode
Random Map
Map size
Tiny (2 player)
Population
200
Speed
Normal
Resources
Standard
Victory
Conquest
Starting age
Dark Age
Ending age
Imperial Age
RankedLock teamsTeams togetherTeam positionsShared explorationLock speedFull tech treeHidden civsTurbo modeCheats
Victory
Defeat
🇳🇴 Spanish · Norway
1284
+15
🇩🇪 Poles · Germany
1272
-15
ySmplePat_
6:56 Loom
9:42 Feudal Age
10:08 Horse Collar
10:14 Double-Bit Axe
20:33 Castle Age
19:14 Double-Bit Axe
19:27 Gold Mining
19:48 Bloodlines
19:53 Forging
20:42 Scale Barding Armor
21:28 Heavy Plow
21:42 Bow Saw
25:01 Fletching
25:15 Heavy Plow
26:59 Elite Skirmisher
30:13 Bodkin Arrow
31:34 Padded Archer Armor
35:49 Imperial Age
34:27 Ballistics
35:53 Cavalier
36:48 Thumb Ring
37:30 Husbandry
38:08 Iron Casting
37:53 Chain Barding Armor
39:56 Blast Furnace
39:05 Stone Mining
40:09 Wheelbarrow
42:48 Bracer
43:40 Szlachta Privileges
46:38 Leather Archer Armor
54:17 Stone Shaft Mining
54:31 Conscription
56:06 Hand Cart
Simi
7:19 Loom
10:01 Feudal Age
11:20 Double-Bit Axe
12:00 Scale Barding Armor
14:26 Forging
22:14 Castle Age
20:07 Stone Mining
20:24 Gold Mining
20:45 Horse Collar
21:29 Padded Archer Armor
21:42 Bloodlines
25:50 Leather Archer Armor
25:55 Heavy Plow
28:01 Husbandry
28:21 Fletching
29:31 Herbal Medicine
29:25 Town Watch
30:17 Wheelbarrow
30:50 Bow Saw
32:04 Stone Shaft Mining
38:23 Imperial Age
36:16 Bodkin Arrow
37:32 Chain Barding Armor
39:25 Conscription
38:32 Light Cavalry
40:21 Two-Man Saw
41:46 Plate Barding Armor
40:34 Hussar
41:56 Ring Archer Armor
44:11 Plate Barding Armor
44:40 Iron Casting
44:41 Hand Cart
47:12 Blast Furnace
51:13 Ballistics
50:54 Bracer
51:21 Cavalier
52:48 Fortified Wall
52:35 Murder Holes
54:26 Paladin
Connection lost

Rejoining the realm…

Still unreachable

The connection could not be restored.

Session expired

The server has moved on; the page needs a fresh start.